 Dungeon Crawl Stone Soup version 0.31-a0-986-g5e6e4ef867 (webtiles) character file.

Game seed: 6705323338712221728

34 Maxmaps the Covert (level 3, 0/26 HPs)
             Began as an Octopode Delver on Nov 7, 2023.
             Slain by an iguana (5 damage)
             ... on level 5 of the Dungeon.
             The game lasted 00:00:27 (183 turns).

Maxmaps the Covert (Octopode Delver)                 Turns: 183, Time: 00:00:28

Health: 0/26       AC:  1    Str: 11    XL:     3   Next: 31%
Magic:  3/3        EV: 13    Int: 14    God:
Gold:   0          SH:  0    Dex: 13    Spells: 2/2 levels left

rFire   . .          .
                       - Unarmed
rCold   . . .        (no shield)
rNeg    . . .        (helmet restricted)
rPois   .            h - amulet of the acrobat
rElec   .            (no ring)
rCorr   .            (no ring)
SInv    .            (no ring)
Will    .....        (no ring)
Stlth   +++++        (no ring)
HPRegen 0.24/turn    (no ring)
MPRegen 0.08/turn    (no ring)
                     (no ring)

%: acrobat
@: no status effects
A: almost no armour, amphibious, 8 rings, camouflage 1, gelatinous body 1,
(nimble swimmer 1), tentacles
a: no special abilities


You were on level 5 of the Dungeon.
You visited 1 branch of the dungeon, and saw 1 of its levels.

Inventory:

Jewellery
 h - an amulet of the acrobat (around mantle)
Wands
 e - a wand of digging (3)
Scrolls
 a - a scroll of fog
 b - a scroll of revelation
 c - a scroll of fear
 g - a scroll of enchant armour {unknown}
Potions
 d - a potion of haste
 f - a potion of lignification {unknown}


   Skills:
 - Level 3.0 Fighting
 - Level 2.0 Dodging
 - Level 8.0 Stealth
 + Level 2.0 Unarmed Combat


You had 2 spell levels left.
You didn't know any spells.
Your spell library was empty.

Dungeon Overview and Level Annotations

Branches:
Dungeon (5/15)
 Temple: D:4-7

Altars:


Innate Abilities, Weirdness & Mutations

You cannot wear most types of armour.
You are amphibious.
You can wear up to eight rings at the same time.
Your skin changes colour to match your surroundings (Stealth+).
Your rubbery body absorbs attacks. (AC +1, EV +1)
((You are camouflaged when in or above water. (Stealth+)))
You have tentacles for arms and can constrict up to eight enemies at once.


Message History

Your Stealth skill increases to level 8!
You have reached level 3!
Your experience leads to an increase in your attributes!
Increase (S)trength, (I)ntelligence, or (D)exterity?
You feel clever. x2
You start resting.
The hound pauses to sniff the ground.
HP restored.
You see here an iguana corpse.
An iguana comes into view.
Found a chain mail.
The helpless iguana fails to defend itself.
You tentacle-slap the iguana. Your grab misses the iguana.
You tentacle-slap the iguana.
The iguana is moderately wounded.
The iguana closely misses you.
You barely miss the iguana. Your grab misses the iguana.
Your squeeze misses the iguana.
The iguana is moderately wounded.
The iguana bites you!
Ouch! That really hurt!
You are too injured to fight recklessly!
You are too injured to fight recklessly!
You are too injured to fight recklessly!
You closely miss the iguana. You grab the iguana.
You squeeze the iguana, but do no damage.
The iguana is moderately wounded.
You constrict the iguana. The iguana bites you.
You tentacle-slap the iguana but do no damage.
The iguana is heavily wounded.
You constrict the iguana. The iguana barely misses you.
You tentacle-slap the iguana.
The iguana is heavily wounded.
You constrict the iguana, but do no damage.
The iguana bites you.
* * * LOW HITPOINT WARNING * * *
You tentacle-slap the iguana.
The iguana is almost dead.
You constrict the iguana. The iguana bites you.
You die...

..#### ####..... #.....
........# ##....
......... #....
.......[# #### #....#
........# ..# #....#
........# #.# ##..###
......l.#####.####...#⌠[
.......@.........#.###..
........########...#oh..
........# #.#.###(.
######### #.#...#⌠.
#.....### ###.#†..#
#.....# ####... ####


You could see an iguana.

Vanquished Creatures
  An iguana (D:5)
  An adder (D:5)
2 creatures vanquished.

Notes
Turn   | Place    | Note
-------+----------+-------------------------------------------
     0 | D:5      | Maxmaps the Octopode Delver began the quest for the Orb.
     0 | D:5      | Reached XP level 1. HP: 16/16 MP: 1/1
    29 | D:5      | Reached skill level 7 in Stealth
    29 | D:5      | Reached XP level 2. HP: 13/21 MP: 2/2
   112 | D:5      | Reached skill level 8 in Stealth
   112 | D:5      | Reached XP level 3. HP: 14/26 MP: 3/3
   183 | D:5      | Slain by an iguana

Illustrated notes

Levels and vault maps discovered:
D:5:      layout_rooms, cheibriados_altar_2, nicolae_fountain_basement

Skill      XL: |  1  2 |
---------------+-------+-----
Stealth        | 7 8 |  8.0
Fighting       | |  3.0
Dodging        | |  2.0
Unarmed Combat | |  2.0

Action                     || total
---------------------------++-------
  Melee: Unarmed           ||    14
         Tentacles         ||     4
         Constrict         ||     3
         Punch             ||     1
   Stab: Sleeping          ||     2
 Armour: Skin              ||     9
  Dodge: Dodged            ||     5

Table legend: (Time is in decaauts)
 A = Elapsed time spent in this place.
 B = Non-inter-level travel time spent in this place.
 C = Inter-level travel time spent in this place.
 D = Time resting spent in this place.
 E = Time spent auto-exploring this place.
 F = Levels seen in this place.
 G = Mean time per level.
                   A        B        C        D        E       F      G
               +--------+--------+--------+--------+--------+-----+--------+
         Total |    182 |    182 |      0 |     49 |     76 |   1 |  182.0 |
       Dungeon |    182 |    182 |      0 |     49 |     76 |   1 |  182.0 |
               +--------+--------+--------+--------+--------+-----+--------+

Top non-repeatable levels by time:
     D:5: 182 daAuts
